 Seeded DCSS version 0.27.1-34-g3ba077fa99 (webtiles) character file.

Game seed: 20220220 (custom seed)

16 knot the Skirmisher (level 2, 7/24 HPs)
             Began as a Demonspawn Berserker on Jan 18, 2022.
             Was a Follower of Trog.
             Quit the game on level 1 of the Dungeon.
             The game lasted 00:00:22 (591 turns).

knot the Skirmisher (Demonspawn Berserker)           Turns: 591, Time: 00:00:23

Health: 7/24       AC:  2    Str: 17    XL:     2   Next: 41%
Magic:  2/2        EV: 12    Int:  8    God:    Trog [*.....]
Gold:   28         SH:  0    Dex: 12    Spells: 1/1 levels left

rFire    . . .     SeeInvis .   a - +0 hand axe
rCold    . . .     Faith    .   (no shield)
rNeg     . . .     Spirit   .   b - +0 animal skin
rPois    .         Reflect  .   (no helmet)
rElec    .         Harm     .   (no cloak)
rCorr    .         Rampage  .   (no gloves)
Will     .....                  (no boots)
Stlth    +.........             (no amulet)
HPRegen  0.08/turn              (no ring)
MPRegen  0.08/turn              (no ring)

@: on berserk cooldown, slowed, very slow
A: hooves 1
a: Renounce Religion, Berserk


You were on level 1 of the Dungeon.
You worshipped Trog.
Trog was aware of your devotion.
You visited 1 branch of the dungeon, and saw 1 of its levels.

You collected 28 gold pieces.

Inventory:

Hand Weapons
 a - a +0 hand axe (weapon)
Armour
 b - a +0 animal skin (worn)
Potions
 c - a potion of magic {unknown}


   Skills:
 + Level 3.3 Fighting
 + Level 3.0 Axes
 + Level 1.9 Armour
 + Level 1.9 Dodging


You had one spell level left.
You didn't know any spells.
Your spell library was empty.

Dungeon Overview and Level Annotations

Branches:
Dungeon (1/15)

Altars:


Innate Abilities, Weirdness & Mutations

You have large cloven feet.


Message History

You completely miss the kobold. The kobold hits you with a +0 club.
You slash the hobgoblin!
You kill the hobgoblin!
Trog accepts your kill.
You barely miss the kobold. The kobold hits you but does no damage.
You slash the rat!
You kill the rat!
Trog accepts your kill.
You slash the kobold!
You kill the kobold!
Trog accepts your kill.
A goblin comes into view. It is wielding a +0 club.
Found 8 gold pieces.
The goblin shouts!
You see here a hobgoblin corpse.
You feel a strong urge to attack something.
You see here a ball python corpse.
You start resting.
You are no longer berserk.
You are exhausted.
You feel yourself slow down.
You start resting.
A goblin is nearby!
A goblin is nearby!
A goblin is nearby!
A goblin is nearby!
The goblin hits you but does no damage.
You see here a hobgoblin corpse.
The goblin hits you with a +0 club. x2
* * * LOW HITPOINT WARNING * * *
The goblin barely misses you.
You closely miss the goblin. You kick the goblin.
The goblin is moderately wounded.
The goblin misses you. The goblin closely misses you.
You hit the goblin.
You kill the goblin!
Trog accepts your kill.
Your Axes skill increases to level 3!
You see here a +0 club.
Are you sure you want to abandon this character and quit the game? (Confirm with "yes".)

#...# #.# ##.##
#+# #.# #.# #.#
#.# #.# #.# ..#
##.########.##
###
#.......##...##
#.###.#.#.....#
#.#
#.#.##...#######
#.#
#.#.###@....$$..
#.#
#....††..#..#..
#.# ###.##).##
... #.# #.###.#
. #.. ..# ....
### ####..###?
#.# .. .. # .#.


There were no monsters in sight!

Vanquished Creatures
  2 ball pythons (D:1)
  3 endoplasms (D:1)
  3 goblins (D:1)
  2 hobgoblins (D:1)
  A bat (D:1)
  A frilled lizard (D:1)
  A kobold (D:1)
  A rat (D:1)
14 creatures vanquished.

Notes
Turn   | Place    | Note
-------+----------+-------------------------------------------
     0 | D:1      | knot the Demonspawn Berserker began the quest for the Orb.
     0 | D:1      | Reached XP level 1. HP: 18/18 MP: 1/1
   564 | D:1      | Gained mutation: You have large cloven feet. [demonic
                  | ancestry]
   564 | D:1      | Reached XP level 2. HP: 24/24 MP: 2/2
   591 | D:1      | Quit the game

Illustrated notes

Levels and vault maps discovered:
D:1:      dpeg_arrival_radiant, layout_loops_corners,
          shapermc_ecumenical_altar_rom_forum, minmay_hexomino_u4

Skill      XL: |  1  2 |
---------------+-------+-----
Axes           | 3 |  3.0
Fighting       | |  3.3
Armour         | |  1.9
Dodging        | |  1.9

Action                   || total
-------------------------++-------
Melee: Hand axe          ||    29
       Kick              ||     2
Invok: Berserk           ||     1
 Stab: Sleeping          ||     1
Armor: Animal skin       ||     8
Dodge: Dodged            ||    21
